cohdb
Replays
Latest Replays
All Replays
Popular Replays
Top Player Replays
Match Explorer
How It Works
Community
CoH3 Stats
Reddit
Sign in to upload your games and track your stats! →
Sign in with Steam
Match 41742137
Unlisted
Match 41742137
Overview
Messages
Build Orders
End
Royal Engineer Section
Construct Section Command Post
Selects Canadian Shock Battlegroup
Infantry Section
Infantry Section
Infantry Section
Selects Attacking Spirit
Selects Attacking Spirit
Selects Canadian Shock Section
Construct Platoon Command Post
Humber Armored Car
Grenade Package
Vickers Machine Gun Team
Selects Incendiary Munitions
Construct Field Infirmary
6-pounder Anti-tank Gun Team
Selects Pyrotechnics
Canadian Shock Section
Construct Company Command Post
Crusader II Medium Tank
Crusader II Medium Tank
Selects Churchill Crocodile Heavy Tank
Foot Guards Section
Churchill Crocodile Heavy Tank
Foot Guards Section
Selects Smoke Operation
Selects Smoke Operation
Smoke Operation
Royal Engineer Section
Infantry Training
BIOHAZARD
Fernando87ca
0
0
Comments
sign in to comment!
No comments posted yet!